 Dungeon Crawl Stone Soup version 0.31.0-10-gcf4a605ca0 (webtiles) character file.

Game seed: 6952310298925959973

14111 sanka the Grappler (level 11, 0/111 HPs)
             Began as a Troll Monk on Jan 25, 2024.
             Was the Champion of Okawaru.
             Slain by a manticore (14 damage)
             ... summoned by Kirke
             ... on level 12 of the Dungeon.
             The game lasted 00:18:42 (9989 turns).

sanka the Grappler (Troll Monk)                     Turns: 9989, Time: 00:18:43

Health: 0/111      AC:  0    Str: 21    XL:     11   Next: 84%
Magic:  13/14      EV: 19    Int:  6    God:    Okawaru [******]
Gold:   492        SH:  0    Dex: 16    Spells: 10/10 levels left

rFire   . .          .
                       - Unarmed
rCold   . . .        H - melded +2 tower shield {reflect}
rNeg    . . .        d - melded +6 acid dragon scales "Gueptaez" {rPois Will+ rCorr Slay-3}
rPois   .            (helmet currently unavailable)
rElec   .            (cloak currently unavailable)
rCorr   .            (gloves unavailable)
SInv    .            (boots unavailable)
Will    .....        J - amulet of faith
Stlth   +++          K - melded +5 ring of evasion
HPRegen 1.18/turn    q - melded +5 ring of evasion
MPRegen 0.14/turn

%: faith
@: pig-form, heroic, very quick
A: fast, no casting, small, unfitting armour, (claws 3), regeneration 1, (shaggy
fur 1), (tough skin 1)
a: Renounce Religion, Heroism, Finesse, Duel


You were on level 12 of the Dungeon.
You worshipped Okawaru.
Okawaru was exalted by your worship.
You were a filthy swine.
You visited 1 branch of the dungeon, and saw 12 of its levels.

You collected 702 gold pieces.
You spent 210 gold pieces at shops.


Innate Abilities, Weirdness & Mutations

You are a filthy swine.
You move quickly.
Your equipment is almost entirely melded.
You are incapable of wielding weapons or throwing items.
You cannot cast spells.
You are too large for most types of armour.
((You have claws for hands.))
Your natural rate of healing is unusually fast.
((You are covered in fur. (AC +1)))
((You have tough skin. (AC +1)))


   Skills:
 - Level 8.2(13.2) Fighting
 - Level 3.2(8.2) Dodging
 - Level 10.2(15.2) Shields
 + Level 11.5(16.5) Unarmed Combat
 - Level 5.4 Invocations


You had 10 spell levels left.
You didn't know any spells.
Your spell library contained the following spells:

 Spells                   Type           Power      Damage    Failure   Level
 Apportation              Tloc           0%         N/A       45%         1
 Kiss of Death            Conj/Necr      0%         2d5       45%         1
 Necrotise                Necr           0%         1d4       45%         1
 Blink                    Tloc           0%         N/A       58%         2
 Ensorcelled Hibernation  Hex/Ice        0%         N/A       58%         2
 Jinxbite                 Hex            0%         N/A       58%         2
 Lesser Beckoning         Tloc           0%         N/A       58%         2
 Mercury Vapours          Alch/Air       0%         N/A       58%         2
 Momentum Strike          Conj/Tloc      0%         3d8       58%         2
 Sublimation of Blood     Necr           0%         N/A       58%         2
 Confusing Touch          Hex            0%         N/A       83%         3
 Dazzling Flash           Conj/Hex       0%         N/A       83%         3
 Gell's Gravitas          Tloc           0%         N/A       83%         3
 Mephitic Cloud           Conj/Alch/Air  0%         N/A       83%         3
 Passwall                 Erth           0%         N/A       83%         3
 Sigil of Binding         Hex            0%         N/A       83%         3
 Swiftness                Air            0%         N/A       83%         3
 Teleport Other           Tloc           0%         N/A       83%         3
 Vampiric Draining        Necr           0%         2d6       83%         3
 Volatile Blastmotes      Fire/Tloc      0%         2d10      83%         3
 Anguish                  Hex/Necr       0%         N/A       99%         4
 Cause Fear               Hex            0%         N/A       99%         4
 Dimensional Bullseye     Hex/Tloc       0%         N/A       99%         4
 Dispel Undead            Necr           0%         3d6       99%         4
 Petrify                  Alch/Erth      0%         N/A       99%         4
 Alistair's Intoxication  Alch           0%         N/A       100%        5
 Curse of Agony           Necr           0%         N/A       100%        5
 Freezing Cloud           Conj/Ice/Air   0%         6-21      100%        5
 Irradiate                Conj/Alch      0%         3d11      100%        5
 Silence                  Hex/Air        0%         N/A       100%        5
 Starburst                Conj/Fire      0%         6d3       100%        6
 Enfeeble                 Hex            0%         N/A       100%        7
 Maxwell's Capacitive Co  Air            0%         ∞         100%        8
 Call Canine Familiar     Summ           Unusable   N/A       N/A         3
 Martyr's Knell           Necr/Summ      Unusable   N/A       N/A         4

Inventory:

Hand Weapons
 l - the +7 demon whip of the Vaults {flame, rElec} rElec: It insulates you from electricity.
Missiles
 C - a throwing net {=f}
 I - 7 curare-tipped darts {=f}
Armour
 c - an orb of light
 d - the +6 acid dragon scales "Gueptaez" (melded) {rPois Will+ rCorr Slay-3}

   Slay-3:    It affects your accuracy & damage with ranged weapons and melee
   (-3).
   rPois:     It protects you from poison Will+: It increases your willpower.
   rCorr:     It protects you from acid and corrosion.
 H - a +2 tower shield of reflection (melded)
 Q - +0 acid dragon scales
Jewellery
 q - a +5 ring of evasion (melded)
 F - a ring of resist corrosion
 J - an amulet of faith (around neck)
 K - a +5 ring of evasion (melded)
 L - a +6 ring of strength
 N - the amulet "Finwosm" {Spirit Stlth+}

   [amulet of guardian spirit]

   Spirit:    It causes incoming damage to be divided between your reserves of
   health and magic.
   Stlth+:    It makes you more stealthy.
 O - a ring of fire
Talismans
 a - a beast talisman
 i - a flux talisman
 o - a beast talisman
 y - a maw talisman
Wands
 w - a wand of polymorph (7)
 R - a wand of roots (4)
Scrolls
 g - 3 scrolls of fear {unknown}
 h - 16 scrolls of identify {unknown}
 m - 2 scrolls of immolation {unknown}
 n - 4 scrolls of blinking {unknown}
 p - 2 scrolls of revelation {unknown}
 r - 5 scrolls of teleportation {unknown}
 s - 3 scrolls of poison {unknown}
 v - a scroll of enchant armour {unknown}
 A - 3 scrolls of fog {unknown}
 D - 3 scrolls of enchant weapon {unknown}
 E - a scroll of vulnerability {unknown}
 P - a scroll of silence {unknown}
Potions
 b - 3 potions of ambrosia
 e - 3 potions of haste {unknown}
 f - 7 potions of curing {unknown}
 j - 2 potions of might {unknown}
 k - a potion of invisibility {unknown}
 t - 2 potions of enlightenment {unknown}
 u - a potion of degeneration {unknown}
 x - 2 potions of lignification {unknown}
 z - 2 potions of cancellation {unknown}
 B - a potion of heal wounds {unknown}
 G - a potion of attraction {unknown}
 M - a potion of berserk rage {unknown}

Dungeon Overview and Level Annotations

Branches:
Dungeon (12/15)            Temple (0/1) D:6            Lair (0/5) D:10
    Orc: D:9-12

Altars:
Ashenzari
Fedhas
Gozag
Hepliaklqana
Nemelex Xobeh
Okawaru
Qazlal
Trog
Uskayaw
Wu Jian
Yredelemnul
Zin
The Shining One

Shops:
D:2 [   D:5 [   D:6 =   D:7 *[(   D:8 (

Annotations:
D:10 exclusion: downstairs
D:12 Kirke

........▒▒..
........▒...
........'... .
........▒... ..
........▒▒▒▒ ...
.....(......
....▒▒▒▒▒▒▒▒............
.....O@h................
▒.Ohh................
▒+▒▒hH!..............
▒...▒▒▒▒▒+▒▒▒.....
▒...▒.......+..▒▒▒
▒...▒.......▒▒.▒..
▒...▒........▒.▒..
▒▒▒▒▒...▒........▒.▒..
▒.......▒........▒.▒'▒
▒.......▒▒▒▒▒▒▒'▒▒....


You could see Kirke, 2 two-headed ogres, a manticore (summoned) and 3 hogs.


Message History

The manticore claws you. The manticore claws you. The hog misses you.
The hog misses you. The hog bites you!
You hit Kirke but do no damage.
Kirke is heavily wounded.
The hog bites you!
* * * LOW HITPOINT WARNING * * *
Kirke casts a spell at you.
You feel a momentary urge to oink. The hog bites you.
* * * LOW HITPOINT WARNING * * *
The manticore misses you. The manticore closely misses you.
The manticore claws you.
* * * LOW HITPOINT WARNING * * *
The hog closely misses you.
You hit Kirke.
Kirke is heavily wounded.
The hog closely misses you. The hog barely misses you. The hog bites you!
* * * LOW HITPOINT WARNING * * *
Kirke hits you!
* * * LOW HITPOINT WARNING * * *
The manticore closely misses you. The manticore barely misses you.
The manticore claws you!
You die...

Action                     |  1- 3 |  4- 6 |  7- 9 | 10-12 || total
---------------------------+-------+-------+-------+-------++-------
  Melee: Unarmed           |    74 |   114 |   277 |   411 ||   876
         Punch             |       |       |     2 |       ||     2
 Invoke: Heroism           |       |       |     2 |     4 ||     6
         Receive Weapon    |       |       |       |     1 ||     1
         Receive Armour    |       |       |       |     1 ||     1
   Stab: Sleeping          |       |       |       |     1 ||     1
 Armour: Robe              |    36 |    53 |    96 |       ||   185
         Skin              |       |     1 |       |    14 ||    15
         Steam dragon scal |       |       |    30 |   113 ||   143
         Acid dragon scale |       |       |       |    27 ||    27
  Dodge: Dodged            |    33 |    84 |   217 |   243 ||   577
  Block: Tower shield      |       |       |    16 |   497 ||   513
         Reflection        |       |       |       |    14 ||    14

Levels and vault maps discovered:
D:1:      tarquinn_simple_flora_water_f, layout_basic
D:2:      cheibrodos_fertilizer, layout_rooms, serial_shops, shop,
          minmay_octomino_c4, uniq_terence
D:3:      kennysheep_six_static_rooms, layout_loops_cross,
          mainiacjoe_overflow_two_lobes, nicolae_uskayaw_en_pointe, nrook_uturn,
          minivault_5, guppyfry_early_lair_pool
D:4:      layout_gridville, mainiacjoe_overflow_catwalk, serial_bayou_pond_c,
          nicolae_titane
D:5:      wad_crossroads, layout_rooms, trog_hazing_becter, serial_shops,
          nicolae_shop_just_a_little_nook
D:6:      cheibrodos_thug_alley, layout_basic, minmay_temple_entry_junction_2,
          serial_shops, shop, uniq_grinder
D:7:      layout_loops_ring, marbit_many_paths, serial_shops,
          nicolae_shop_hallway_stairs, shop, shop, kennysheep_generic_room_3
D:8:      layout_basic, serial_shops, nicolae_shop_waterfront,
          chequers_mini_garden, dreamdust_gnoll_shepherd
D:9:      layout_loops_cross, amethyst_overflow_temple_binary
D:10:     layout_cave_pools, lemuel_crystal_altar, dpeg_lair_monsters
D:11:     layout_loops_corners, hangedman_decor_growths
D:12:     layout_irregular_city, minmay_orc_entry_temple_small, enter_trove_3,
          makhleb_altar_promises_db, uniq_azrael, uniq_kirke

Notes
Turn   | Place    | Note
-------+----------+-------------------------------------------
     0 | D:1      | sanka the Troll Monk began the quest for the Orb.
     0 | D:1      | Reached XP level 1. HP: 22/22 MP: 0/0
    61 | D:1      | Reached XP level 2. HP: 29/29 MP: 1/1
   563 | D:2      | Reached skill level 3 in Fighting
   599 | D:2      | Reached XP level 3. HP: 37/37 MP: 2/2
   611 | D:2      | Found Goafru's Antique Armour Boutique.
   753 | D:2      | Reached skill level 4 in Unarmed Combat
   835 | D:2      | Noticed Terence
   842 | D:2      | Killed Terence
   843 | D:2      | Reached XP level 4. HP: 30/45 MP: 3/3
  1049 | D:2      | Found an ornate altar of the Wu Jian Council.
  1049 | D:2      | Found a basalt altar of Yredelemnul.
  1049 | D:2      | Found a glowing silver altar of Zin.
  1049 | D:2      | Found a hazy altar of Hepliaklqana.
  1049 | D:2      | Found a hazy altar of Hepliaklqana.
  1049 | D:2      | Found a blossoming altar of Fedhas.
  1064 | D:2      | Reached skill level 5 in Unarmed Combat
  1161 | D:3      | Reached XP level 5. HP: 53/53 MP: 4/4
  1373 | D:3      | Reached skill level 6 in Unarmed Combat
  1444 | D:3      | Noticed a +0 short sword
  1444 | D:3      | Noticed a +0 short sword
  1445 | D:3      | Noticed a +0 spear
  1446 | D:3      | Noticed a +0 falchion
  1446 | D:3      | Noticed a +0 dagger
  1446 | D:3      | Noticed a +0 dagger
  1447 | D:3      | Noticed a +0 spear
  1447 | D:3      | Noticed a +0 falchion
  1535 | D:3      | Found a hide-covered altar of Uskayaw.
  1813 | D:4      | Reached XP level 6. HP: 59/61 MP: 5/5
  2088 | D:4      | Found an iron altar of Okawaru.
  2123 | D:4      | Became a worshipper of Warmaster Okawaru
  2123 | D:4      | Reached * piety under Okawaru
  2123 | D:4      | Reached ** piety under Okawaru
  2242 | D:4      | Reached skill level 7 in Unarmed Combat
  2242 | D:4      | Reached skill level 1 in Invocations
  2471 | D:3      | Found a stormy altar of Qazlal.
  2498 | D:3      | Found an opulent altar of Gozag.
  2851 | D:5      | Entered Level 5 of the Dungeon
  2877 | D:5      | Found Itsebot's Armour Shoppe.
  2898 | D:5      | Noticed an ice beast
  2905 | D:5      | Killed an ice beast
  2906 | D:5      | Reached XP level 7. HP: 67/67 MP: 7/7
  2929 | D:5      | Reached skill level 2 in Invocations
  2938 | D:5      | Reached skill level 8 in Unarmed Combat
  3004 | D:5      | Reached *** piety under Okawaru
  3173 | D:5      | Reached skill level 3 in Invocations
  3262 | D:5      | Reached XP level 8. HP: 43/75 MP: 9/9
  3269 | D:5      | Reached skill level 9 in Unarmed Combat
  3402 | D:5      | Found a bloodstained altar of Trog.
  3448 | D:5      | Identified the +1 trident "Eweinou" {heavy, *Noise Dex+6}
  3911 | D:6      | Noticed Grinder
  3922 | D:6      | Killed Grinder
  3923 | D:6      | Reached skill level 4 in Invocations
  4053 | D:6      | Reached **** piety under Okawaru
  4054 | D:6      | Reached skill level 10 in Unarmed Combat
  4368 | D:6      | Found Horish's Jewellery Emporium.
  4412 | D:6      | Found a staircase to the Ecumenical Temple.
  4469 | D:6      | Reached skill level 5 in Invocations
  4563 | D:2      | Bought a shiny tower shield for 210 gold pieces
  4995 | D:6      | Reached skill level 1 in Shields
  5190 | D:7      | Found Nisi's General Store.
  5225 | D:7      | Reached XP level 9. HP: 65/83 MP: 11/11
  5232 | D:7      | Reached skill level 4 in Fighting
  5232 | D:7      | Reached skill level 2 in Shields
  5244 | D:7      | Found Xiclie's Armour Shoppe.
  5477 | D:7      | Found Hagaumup's Weapon Boutique.
  5529 | D:7      | Reached skill level 3 in Shields
  5767 | D:7      | Reached skill level 5 in Fighting
  5951 | D:7      | Identified +0 steam dragon scales
  5952 | D:7      | Reached skill level 4 in Shields
  6038 | D:7      | Found a broken altar of Ashenzari.
  6171 | D:8      | Noticed a kobold demonologist
  6174 | D:8      | Noticed a rust devil
  6202 | D:7      | Killed a kobold demonologist
  6202 | D:7      | Reached ***** piety under Okawaru
  6203 | D:7      | Reached skill level 5 in Shields
  6214 | D:7      | Received a gift from Okawaru
  6215 | D:7      | Reached skill level 6 in Fighting
  6274 | D:8      | Reached XP level 10. HP: 96/100 MP: 9/12
  6298 | D:7      | Reached skill level 6 in Shields
  6708 | D:8      | Found Wessutul's Weapon Boutique.
  7210 | D:9      | Reached skill level 7 in Fighting
  7454 | D:9      | Identified the amulet "Finwosm" {Spirit Stlth+}
  7516 | D:9      | Found a blossoming altar of Fedhas.
  7516 | D:9      | Found a glowing golden altar of the Shining One.
  7667 | D:9      | Reached skill level 7 in Shields
  7870 | D:10     | Entered Level 10 of the Dungeon
  7871 | D:10     | Noticed a gargoyle
  7880 | D:10     | Received a gift from Okawaru
  7883 | D:10     | Killed a gargoyle
  7911 | D:9      | Reached skill level 8 in Fighting
  7916 | D:9      | Reached skill level 8 in Shields
  7950 | D:10     | Noticed a death yak
  8033 | D:10     | Noticed a death yak
  8062 | D:9      | Killed a death yak
  8063 | D:9      | Reached XP level 11. HP: 61/111 MP: 13/13
  8131 | D:10     | Noticed a death yak
  8135 | D:9      | Reached skill level 9 in Shields
  8200 | D:9      | Killed a death yak
  8200 | D:9      | Received a gift from Okawaru
  8208 | D:9      | Reached ****** piety under Okawaru
  8249 | D:9      | Killed a death yak
  8250 | D:9      | Reached skill level 10 in Shields
  8385 | D:10     | Found a staircase to the Lair.
  8437 | D:10     | Found a sparkling altar of Nemelex Xobeh.
  9043 | D:11     | Received a gift from Okawaru
  9144 | D:11     | Identified +0 acid dragon scales
  9145 | D:11     | Reached skill level 3 in Dodging
  9260 | D:11     | Acquired the +6 acid dragon scales "Gueptaez" {rPois Will+
                  | rCorr Slay-3}
  9260 | D:11     | Received a gift from Okawaru
  9272 | D:11     | Acquired the +7 demon whip of the Vaults {flame, rElec}
  9272 | D:11     | Received a gift from Okawaru
  9534 | D:11     | Identified +0 acid dragon scales
  9554 | D:11     | Reached skill level 11 in Unarmed Combat
  9973 | D:12     | Noticed Kirke
  9976 | D:12     | Noticed a two-headed ogre
  9978 | D:12     | Noticed a two-headed ogre
  9989 | D:12     | Slain by a manticore

Vanquished Creatures
  3 death yaks (D:9)
  4 manticores
  A gargoyle (D:10)
  A kobold demonologist (D:7)
  3 trolls (D:9)
  Grinder (D:6)
  3 shadows
  3 wraiths
  20 yaks
  A vampire (D:11)
  A steam dragon (D:7)
  2 wyverns
  3 vampire mosquitoes (D:12)
  2 acid dragons (D:11)
  6 water moccasins
  3 ice beasts
  4 orc warriors
  2 centaurs
  An ogre (D:6)
  2 phantoms
  5 kobold brigands
  2 bullfrogs (D:7)
  A scorpion (D:5)
  14 wights
  10 killer bees
  A bombardier beetle (D:3)
  3 jellies
  4 hounds
  5 orc priests
  2 gnoll boudas
  A sleepcap (D:7)
  Terence (D:2)
  3 iguanas
  10 orc wizards
  12 gnolls
  13 adders
  3 white imps
  2 ufetubi (D:5)
  2 dart slugs
  A ribbon worm (D:3)
  44 orcs
  10 bats
  11 endoplasms
  2 giant cockroaches
  13 goblins
  14 hobgoblins
  A jackal (D:3)
  A quokka (D:1)
  8 ball pythons
  5 frilled lizards
  31 kobolds
  8 rats
309 creatures vanquished.
